 Dungeon Crawl Stone Soup version 0.28-a0-1032-ga8db75c868 (webtiles) character file.

Game seed: 11067482787714186194

120 BinkBink the Sneak (level 4, -1/23 HPs)
             Began as a Spriggan Brigand on Dec 7, 2021.
             Slain by Terence (11 damage)
             ... on level 2 of the Dungeon.
             The game lasted 00:03:21 (2616 turns).

BinkBink the Sneak (Spriggan Brigand)               Turns: 2616, Time: 00:03:22

Health: -1/23      AC:  3    Str:  7    XL:     4   Next: 75%
Magic:  5/5        EV: 17    Int: 12    God:
Gold:   30         SH:  0    Dex: 18    Spells: 3/3 levels left

rFire   . . .      SeeInvis +   a - +2 dagger
rCold   . . .      Faith    .   (shield restricted)
rNeg    . . .      Spirit   .   b - +0 robe
rPois   .          Reflect  .   (helmet restricted)
rElec   .          Harm     .   c - +0 cloak
rCorr   .          Rampage  .   (gloves unavailable)
Will    .....                   (boots unavailable)
Stlth   ++++......              (no amulet)
HPRegen 0.07/turn               (no ring)
MPRegen 0.09/turn               (no ring)

@: very quick
A: very small, no large weapons, unfitting armour, see invisible, speed 3
a: no special abilities


You were on level 2 of the Dungeon.
You visited 1 branch of the dungeon, and saw 2 of its levels.

You collected 30 gold pieces.

Inventory:

Hand Weapons
 a - a +2 dagger (weapon)
Armour
 b - a +0 robe (worn)
 c - a +0 cloak (worn)
Jewellery
 f - an amulet of magic regeneration
 o - a ring of ice
Scrolls
 g - a scroll of vulnerability {unknown}
 k - a scroll of immolation {unknown}
 l - a scroll of silence {unknown}
 m - a scroll of identify {unknown}
 p - a scroll of fog {unknown}
Potions
 h - a potion of attraction {unknown}
 i - a potion of lignification {unknown}
 j - a potion of flight {unknown}
 n - 2 potions of resistance


   Skills:
 + Level 2.0 Fighting
 + Level 3.0 Short Blades
 + Level 2.6 Throwing
 + Level 2.1 Dodging
 + Level 7.7 Stealth


You had 3 spell levels left.
You didn't know any spells.
Your spell library contained the following spells:

 Spells                   Type           Power      Damage    Failure   Level
 Gell's Gravitas          Tloc           0%         N/A       69%         3
 Teleport Other           Tloc           0%         N/A       69%         3
 Dispersal                Tloc           0%         N/A       100%        6


Dungeon Overview and Level Annotations

Branches:
Dungeon (2/15)

Altars:

Annotations:
D:2 Terence


Innate Abilities, Weirdness & Mutations

You are very small and have problems with some larger weapons.
You are too small for most types of armour.
You have supernaturally acute eyesight. (SInv)
You cover ground extremely quickly. (Speed+++)


Message History

You throw a poisoned dart. The poisoned dart hits Terence.
Terence misses you.
You throw a poisoned dart.
The poisoned dart barely misses Terence.
Terence misses you.
You throw a poisoned dart.
The poisoned dart closely misses Terence.
You throw a poisoned dart. The poisoned dart hits Terence.
You throw a poisoned dart.
The poisoned dart closely misses Terence.
You throw a poisoned dart. The poisoned dart hits Terence.
You throw a poisoned dart. The poisoned dart hits Terence.
Terence is poisoned.
You throw a curare-tipped dart.
The curare-tipped dart closely misses Terence.
Terence says, "How do you enjoy it?"
Things that are here:
4 stones; a +0 whip You throw a curare-tipped dart.
The curare-tipped dart hits Terence.
Terence is moderately wounded.
Things that are here:
4 stones; a +0 whip Terence barely misses you.
You hit Terence but do no damage.
Terence is heavily wounded.
You closely miss Terence.
Terence is heavily wounded.
Terence looks more healthy.
Terence hits you with a +0 flail.
You barely miss Terence.
Terence is heavily wounded.
Terence barely misses you.
You closely miss Terence.
Terence is heavily wounded.
Terence completely misses you.
You closely miss Terence.
Terence is heavily wounded.
Terence asks, "Do you want it fast or slow?"
Terence hits you with a +0 flail!
You hit Terence but do no damage.
Terence is heavily wounded.
Terence hits you with a +0 flail!
You die...

.............# #........#
.((..........# #........#
......(......# ##.......#
##.#.........# #.#####.#########
#.#.........####.# #..........
#.............##.# #######....
##########........# #....
#..............######### #....
#.######..#..#.@@(.....# #....
#.# #..##>#.#######[########..
..######..####.####..............
..................####..#######..
.########.........# #.......####
.# #.........####........... .#
#.............<..........
.########.........#####..........
[.........######### #..........


You could see Terence (resistant).

Vanquished Creatures
  Jessica (D:2)
  5 adders (D:2)
  2 dart slugs
  4 bats
  4 endoplasms (D:1)
  3 giant cockroaches (D:1)
  2 goblins (D:1)
  3 hobgoblins (D:1)
  6 jackals
  5 kobolds
  3 quokkas
  4 ball pythons
  A frilled lizard (D:1)
  3 rats
46 creatures vanquished.

Notes
Turn   | Place    | Note
-------+----------+-------------------------------------------
     0 | D:1      | BinkBink the Spriggan Brigand began the quest for the Orb.
     0 | D:1      | Reached XP level 1. HP: 10/10 MP: 2/2
    77 | D:1      | Reached skill level 6 in Stealth
   373 | D:1      | Reached XP level 2. HP: 15/15 MP: 3/3
  1013 | D:1      | Found a faded altar of an unknown god.
  1053 | D:1      | Reached XP level 3. HP: 18/18 MP: 4/4
  1228 | D:1      | Reached skill level 7 in Stealth
  1755 | D:2      | Noticed Jessica
  1777 | D:2      | Killed Jessica
  1778 | D:2      | Reached XP level 4. HP: 15/23 MP: 5/5
  2570 | D:2      | Noticed Terence
  2616 | D:2      | Slain by Terence

Illustrated notes

Levels and vault maps discovered:
D:1:      evilmike_arrival_rings, layout_basic, chequers_ecumenical_altar_grove
D:2:      layout_basic, minmay_misc_feat_iff, uniq_jessica, uniq_terence

Skill      XL: |  1  2  3  4 |
---------------+-------------+-----
Stealth        | 6 7 |  7.7
Fighting       | 2 |  2.0
Dodging        | 2 |  2.1
Short Blades   | 3 |  3.0
Throwing       | |  2.6

Action                   |  1- 3 |  4- 6 || total
-------------------------+-------+-------++-------
Melee: Dagger            |    77 |    63 ||   140
Throw: Dart              |    31 |    11 ||    42
 Stab: Sleeping          |    15 |     3 ||    18
Armor: Robe              |    13 |     5 ||    18
Dodge: Dodged            |    58 |    43 ||   101

Table legend: (Time is in decaauts)
 A = Elapsed time spent in this place.
 B = Non-inter-level travel time spent in this place.
 C = Inter-level travel time spent in this place.
 D = Time resting spent in this place.
 E = Time spent auto-exploring this place.
 F = Levels seen in this place.
 G = Mean time per level.
                   A        B        C        D        E       F      G
               +--------+--------+--------+--------+--------+-----+--------+
         Total |   2122 |   2109 |     13 |      0 |   1774 |   2 | 1061.0 |
       Dungeon |   2122 |   2109 |     13 |      0 |   1774 |   2 | 1061.0 |
               +--------+--------+--------+--------+--------+-----+--------+

Top non-repeatable levels by time:
     D:1: 1333 daAuts
     D:2: 789 daAuts
